 Dungeon Crawl Stone Soup version 0.28.0-45-g0d030f2227 (webtiles) character file.

Game seed: 433190276868782288

100 Icepheonix32 the Skirmisher (level 4, -1/37 HPs)
             Began as a Demonspawn Fighter on Apr 10, 2022.
             Killed from afar by an orc wizard (4 damage)
             ... with a magic dart
             ... on level 3 of the Dungeon.
             The game lasted 00:02:54 (2828 turns).

Icepheonix32 the Skirmisher (Demonspawn Fighter)    Turns: 2828, Time: 00:02:55

Health: -1/37      AC:  6    Str: 19    XL:     4   Next: 47%
Magic:  4/4        EV: 11    Int:  9    God:
Gold:   16         SH:  4    Dex: 12    Spells: 3/3 levels left

rFire   . . .      SeeInvis .   m - staff of conjuration
rCold   . . .      Faith    .   c - +0 buckler
rNeg    . . .      Spirit   .   b - +0 scale mail
rPois   .          Reflect  .   (no helmet)
rElec   .          Harm     .   (no cloak)
rCorr   .          Rampage  .   (no gloves)
Will    .....                   (no boots)
Stlth   ..........              (no amulet)
HPRegen 0.12/turn               (no ring)
MPRegen 0.09/turn               (no ring)

@: no status effects
A: repulsion field 1, condensation shield
a: no special abilities


You were on level 3 of the Dungeon.
You visited 1 branch of the dungeon, and saw 3 of its levels.

You collected 37 gold pieces.
You spent 21 gold pieces at shops.

Inventory:

Hand Weapons
 a - a +0 long sword
Missiles
 f - 7 poisoned darts (quivered)
Armour
 b - a +0 scale mail (worn)
 c - a +0 buckler (worn)
Magical Staves
 m - a staff of conjuration (weapon)
Jewellery
 e - an amulet of the acrobat
 n - a ring of protection from cold
Scrolls
 g - a scroll of vulnerability {unknown}
 h - a scroll of enchant weapon {unknown}
 i - a scroll of blinking {unknown}
 k - a scroll of teleportation {unknown}
Potions
 d - a potion of might
 j - a potion of curing {unknown}
 l - a potion of berserk rage {unknown}
 o - a potion of degeneration {unknown}


   Skills:
 + Level 3.7 Fighting
 - Level 2.0 Long Blades
 + Level 0.1 Staves
 + Level 3.3 Armour
 + Level 0.6 Dodging
 * Level 3.5 Shields


You had 3 spell levels left.
You didn't know any spells.
Your spell library was empty.

Dungeon Overview and Level Annotations

Branches:
Dungeon (3/15)

Altars:

Shops:
D:2 *


Innate Abilities, Weirdness & Mutations

You are surrounded by a mild repulsion field. (EV +2)
A meltable shield of frost defends you. (SH +0)


Message History

You miss something.
You hear some strange, mumbled words.
You are confused.
Something hits you.
You miss something. Something hits you but does no damage.
You hit something. Something hits you but does no damage.
You bump into the rock wall.
Something hits you but does no damage.
You closely miss something. Something hits you.
You bump into the rock wall.
Something hits you but does no damage.
You feel less confused.
A magic dart appears from out of thin air!
The magic dart hits you.
* * * LOW HITPOINT WARNING * * *
Something hits you.
* * * LOW HITPOINT WARNING * * *
You hit something but do no damage. Something hits you.
* * * LOW HITPOINT WARNING * * *
You closely miss something. Something hits you.
* * * LOW HITPOINT WARNING * * *
You hear some strange, mumbled words.
You are confused.
You bump into the rock wall.
Something hits you but does no damage.
You bump into the rock wall.
You hear some strange, mumbled words.
A magic dart appears from out of thin air!
The magic dart hits you.
* * * LOW HITPOINT WARNING * * *
You're too confused to move!
You hear some strange, mumbled words.
Something tries to affect you, but you resist.
You miss something. Something hits you but does no damage.
You feel less confused.
You hit something. Something hits you but does no damage.
You closely miss something. Something hits you.
* * * LOW HITPOINT WARNING * * *
You miss something. Something hits you but does no damage.
You hear some strange, mumbled words.
A magic dart appears from out of thin air!
The magic dart hits you.
You die...

.. . #≈###≈≈#≈#
.#. ##)# #≈##≈#
... ##≈≈# #≈##≈##
..# #≈≈≈# #≈##≈#.
#.# #≈≈≈###≈##≈#.
#.# #≈#≈≈####≈≈#.
#.# #≈#≈≈## #≈≈#.
#{# ####≈≈# #≈≈#.
# #@# #≈≈# #≈##.
#.#..#.#######≈≈#
#≈#..
..............#≈##
#≈#..
.#......#....##≈#
#..##
#......#....#≈≈#
#..#
#......#...##≈≈#
##.#
........#...#≈≈##
#.#
##......#...≈≈≈#
#.#
######.#.##.≈##
#.#


There were no monsters in sight!

Vanquished Creatures
  A gnoll (D:2)
  3 adders
  2 worms
  A dart slug (D:1)
  2 orcs (D:3)
  6 endoplasms
  3 giant cockroaches
  5 hobgoblins
  3 jackals (D:2)
  2 quokkas
  5 ball pythons
  5 bats
  3 frilled lizards
  3 goblins
  A kobold (D:2)
  8 rats
53 creatures vanquished.

Notes
Turn   | Place    | Note
-------+----------+-------------------------------------------
     0 | D:1      | Icepheonix32 the Demonspawn Fighter began the quest for the
                  | Orb.
     0 | D:1      | Reached XP level 1. HP: 18/18 MP: 1/1
   169 | D:1      | Gained mutation: A meltable shield of frost defends you.
                  | (SH +0) [demonic ancestry]
   169 | D:1      | Reached XP level 2. HP: 23/24 MP: 2/2
   180 | D:1      | Found a faded altar of an unknown god.
   894 | D:2      | Reached XP level 3. HP: 9/29 MP: 3/3
  1383 | D:2      | Found Fiar's Assorted Antiques.
  1392 | D:2      | Bought a scroll labelled PINUXIUSOFA for 21 gold pieces
  1995 | D:2      | Gained mutation: You are surrounded by a mild repulsion
                  | field. (EV +2) [demonic ancestry]
  1995 | D:2      | Reached XP level 4. HP: 32/36 MP: 4/4
  2828 | D:3      | Killed from afar by an orc wizard

Illustrated notes

Levels and vault maps discovered:
D:1:      wander_arrival_fairy_ring, layout_basic, shapermc_ecumenical_altar_gd,
          minmay_misc_feat_alley
D:2:      minmay_angry_zag, layout_basic, serial_shops, shop
D:3:      layout_basic, chequers_serial_rivers_large_b, nrook_mini_backslash

Skill      XL: |  1  2 |
---------------+-------+-----
Long Blades    | 2 |  2.0
Shields        | 3 |  3.5
Armour         | 3 |  3.3
Fighting       | |  3.7
Staves         | |  0.1
Dodging        | |  0.6

Action                   |  1- 3 |  4- 6 || total
-------------------------+-------+-------++-------
Melee: Long sword        |   121 |     8 ||   129
       Staff             |       |    51 ||    51
Armor: Scale mail        |    50 |    19 ||    69
Dodge: Dodged            |    51 |    14 ||    65
Block: Buckler           |    54 |    14 ||    68
